Kradschützen Motorcycle Team
Selects Italian Combined Arms Battlegroup
Selects Bersaglieri Squad
Construct Light Support Kompanie
Selects Bersaglieri Bolster
Selects Semovente da 75/18 Assault Gun
Construct Mechanized Kompanie
Pak 38 Anti-tank Gun Team
Marder III Tank Destroyer
Selects Carro Armato M13/40 Light Tank
Carro Armato M13/40 Light Tank
Selects Breda Model 30 Light Machine Guns
18-tonne Recovery Half-track
Pak 38 Anti-tank Gun Team
Construct Panzerarmee Kommand
Walking Stuka Rocket Launcher
Carro Armato M13/40 Light Tank
Carro Armato M13/40 Light Tank